 Dungeon Crawl Stone Soup version 0.27.0-1-g7a089689b8 (webtiles) character file.

Game seed: 11181182921811295681

838 gimp the Sneak (level 7, -2/49 (55) HPs)
             Began as a Naga Fire Elementalist on Aug 5, 2021.
             Slain by a wight (5 damage)
             ... on level 5 of the Dungeon.
             The game lasted 00:10:21 (5061 turns).

gimp the Sneak (Naga Fire Elementalist)             Turns: 5061, Time: 00:10:21

HP:   -2/49 (55)    AC:  3    Str: 11    XL:     7   Next: 99%
MP:   6/10          EV:  9    Int: 17    God:
Gold: 170           SH:  0    Dex: 11    Spells: 2/10 levels left

rFire    . . .     SeeInvis +   a - +0 mace
rCold    . . .     Faith    .   (no shield)
rNeg     . . .     Spirit   .   d - +0 robe
rPois    +         Reflect  .   (no helmet)
rElec    .         Harm     .   (no cloak)
rCorr    .         Rampage  .   (no gloves)
Will     .....                  (no barding)
Stlth    +++.......             (no amulet)
HPRegen  0.16/turn              (no ring)
MPRegen  0.12/turn              (no ring)

@: heavily drained, very slow
A: AC +2, large, see invisible, deformed body, poison resistance, slowness 2,
spit poison 1, naga tail 1
a: Spit Poison


You were on level 5 of the Dungeon.
You visited 1 branch of the dungeon, and saw 5 of its levels.

You collected 170 gold pieces.

Inventory:

Hand Weapons
 a - a +0 mace (weapon)
 b - a +1 hunting sling
 q - a +0 spear
Missiles
 e - 15 sling bullets
 j - 39 stones
 o - a throwing net
Armour
 d - a +0 robe (worn)
 i - a +0 kite shield
Magical Staves
 k - a staff of cold
Scrolls
 c - a scroll of magic mapping
 g - a scroll of teleportation {unknown}
 m - a scroll of enchant weapon
Potions
 f - a potion of degeneration {unknown}
 l - a potion of mutation
 t - a potion of haste


   Skills:
 - Level 1.5 Dodging
 + Level 6.8 Stealth
 - Level 2.0 Spellcasting
 * Level 5.4 Conjurations
 * Level 6.2 Fire Magic


You had 2 spell levels left.
You knew the following spells:

 Your Spells              Type           Power      Damage    Failure   Level
a - Foxfire               Conj/Fire      84%        2x1d8     1%          1
b - Conjure Flame         Conj/Fire      21%        6-21      5%          3
c - Sticky Flame          Conj/Fire      21%        2d4       17%         4

Your spell library contained the following spells:

 Spells                   Type           Power      Damage    Failure   Level
 Inner Flame              Hex/Fire       12%        N/A       16%         3
 Fireball                 Conj/Fire      10%        3d6       43%         5


Dungeon Overview and Level Annotations

Branches:
Dungeon (5/15)
 Temple: D:4-7

Altars:
Gozag
Kikubaaqudgha
Qazlal
Trog
Uskayaw

Shops:
D:4 (


Innate Abilities, Weirdness & Mutations

Your serpentine skin is tough. (AC +2)
You have supernaturally acute eyesight. (SInv)
Armour fits poorly on your strangely shaped body.
Your system is resistant to poisons. (rPois)
You cover ground very slowly.
You can spit poison.
You have a snake-like lower body.


Message History

You feel drained.
You take 13 damage, and have 32/54 hp.
MASSIVE DAMAGE!!
Your foxfire dissipates!
The wight hits you from afar with a +0 spear.
You take 6 damage, and have 26/54 hp.
You are too injured to fight recklessly!
Casting: Foxfire (safe; 1% risk of failure)
Press: ? - help, Q - select action, (/) - cycle Dir - look around, f - activate You conjure some foxfire!
The wight hits you from afar with a +0 spear!
You feel drained.
You take 9 damage, and have 17/52 hp.
You now have 6/10 mp.
You aren't carrying any items that you can evoke without wielding.
Unknown command.
The foxfire hits the wight.
The wight is severely damaged.
The wight hits you from afar with a +0 spear.
* * * LOW HITPOINT WARNING * * *
You feel drained.
* * * LOW HITPOINT WARNING * * *
The foxfire hits the wight but does no damage.
The wight is severely damaged.
The wight hits you from afar with a +0 spear.
* * * LOW HITPOINT WARNING * * *
There is an open door, spattered with blood here.
You take 13 damage, and have 4/51 hp.
MASSIVE DAMAGE!!
You feel better.
The wight hits you from afar with a +0 spear.
* * * LOW HITPOINT WARNING * * *
You feel better.
The wight hits you from afar with a +0 spear.
* * * LOW HITPOINT WARNING * * *
You regained 9 hp, and now have 14/51 hp.
Casting: Foxfire (safe; 1% risk of failure)
Press: ? - help, Q - select action, (/) - cycle Dir - look around, f - activate You conjure some foxfire!
The wight hits you from afar with a +0 spear!
* * * LOW HITPOINT WARNING * * *
You feel drained.
You die...

### #..##.#.........###....
###..#####...###...###....#..#.#
........#...## #.####...........
#..........# #.# #...........
###...#...####### #######.....
##.#.###.8##.#.# #.....
#......#.###'#z#+#+#+# #.#... ##
#.........'..v........ #.#... ..
#........###@#+#+#+#+# #....#
#.###)...##..8##v# #..###
..).))...###.##### ###...#
.#...##........ ###.....##
.....#.......>....... #........#
.#......###.......... #.........
.......###.......... ##.......#
#..##.## ..........## ..........
##..... .........#.# #>.........


You could see a wight (ally target).

Vanquished Creatures
  A necrophage (D:5)
  An ogre (D:4)
  5 scorpions
  A water moccasin skeleton (D:4)
  A hound (D:3)
  An orc priest (D:4)
  A centaur skeleton (D:4)
  An orc wizard (D:5)
  An iguana (D:4)
  A scorpion zombie (D:5)
  3 gnolls (D:3)
  5 adders
  An adder zombie (D:5)
  3 dart slugs
  7 orcs
  11 endoplasms
  3 giant cockroaches
  8 hobgoblins
  9 jackals
  2 quokkas
  5 ball pythons
  A bat (D:2)
  A frilled lizard (D:1)
  6 goblins
  A kobold (D:4)
  4 rats
84 creatures vanquished.

Vanquished Creatures (collateral kills)
  A kobold (D:4)
1 creature vanquished.

Vanquished Creatures (others)
  272 foxfires
272 creatures vanquished.

Grand Total: 357 creatures vanquished

Notes
Turn   | Place    | Note
-------+----------+-------------------------------------------
     0 | D:1      | gimp the Naga Fire Elementalist began the quest for the
                  | Orb.
     0 | D:1      | Reached XP level 1. HP: 15/15 MP: 3/3
     6 | D:1      | Noticed a polar bear
     6 | D:1      | Noticed a seven-headed hydra
     7 | D:1      | Noticed a hound
     7 | D:1      | Noticed a redback
   492 | D:1      | Reached XP level 2. HP: 22/22 MP: 0/5
   831 | D:2      | Reached XP level 3. HP: 28/28 MP: 2/6
  1406 | D:2      | Found a bloodstained altar of Trog.
  1413 | D:2      | Learned a level 3 spell: Conjure Flame
  1559 | D:2      | Noticed a scorpion
  1566 | D:2      | Killed a scorpion
  1567 | D:2      | Reached XP level 4. HP: 24/36 MP: 2/7
  1817 | D:3      | Reached XP level 5. HP: 42/42 MP: 5/8
  2531 | D:3      | Learned a level 4 spell: Sticky Flame
  2927 | D:4      | Reached skill level 5 in Stealth
  2970 | D:4      | Found a stormy altar of Qazlal.
  3037 | D:4      | Found Nopteg's Weapon Shop.
  3088 | D:4      | Found an ancient bone altar of Kikubaaqudgha.
  3132 | D:4      | Reached XP level 6. HP: 38/49 MP: 3/9
  3343 | D:4      | Reached skill level 5 in Fire Magic
  3364 | D:4      | Found an opulent altar of Gozag.
  3513 | D:4      | Found a hide-covered altar of Uskayaw.
  3595 | D:4      | Reached XP level 7. HP: 44/55 MP: 4/10
  4259 | D:5      | Entered Level 5 of the Dungeon
  4513 | D:5      | Reached skill level 5 in Conjurations
  5061 | D:5      | Slain by a wight

Illustrated notes

Levels and vault maps discovered:
D:1:      onia_arrival_zoo_common, layout_rooms, amcnicky_mini_corridor_feature
D:2:      layout_basic, basic_altar
D:3:      layout_loops_ring, kennysheep_nondescript
D:4:      layout_basic, amcnicky_altar_gilded, grunt_gozag_breadcrumbs,
          nicolae_kikubaaqudgha_miasma_corner, grunt_qazlal_clouds,
          serial_shops, nicolae_lakefront_shop
D:5:      layout_cave_pools, lemuel_mausoleum_altar_yredelemnul, serial_glass,
          glass_columns_a, glass_columns_a, glass_columns_a, glass_columns_c,
          glass_columns_b, glass_columns_a, glass_columns_a, glass_columns_a,
          glass_columns_b, glass_columns_c, minmay_misc_feat_ornament

Skill      XL: |  1  2  3  4  5  6  7 |
---------------+----------------------+-----
Conjurations   | 2 3 4 5 |  5.4
Stealth        | 4 5 6 |  6.8
Fire Magic     | 4 5 6 |  6.2
Dodging        | |  1.5
Spellcasting   | |  2.0

Action                   |  1- 3 |  4- 6 |  7- 9 || total
-------------------------+-------+-------+-------++-------
Melee: Mace              |    13 |    25 |    16 ||    54
 Fire: Hunting sling     |     3 |    27 |     8 ||    38
 Cast: Foxfire           |    51 |    51 |    61 ||   163
       Conjure Flame     |       |     2 |     2 ||     4
       Sticky Flame      |       |     1 |     2 ||     3
 Abil: Spit Poison       |    13 |    28 |     5 ||    46
  Use: Scroll            |       |    10 |     1 ||    11
       Potion            |       |       |     2 ||     2
 Stab: Sleeping          |       |     1 |       ||     1
Armor: Robe              |     4 |    18 |     5 ||    27
Dodge: Dodged            |    11 |    45 |    19 ||    75
